AoeStats
← phteven

Arena

509747340Analyzed
4v4 RM · 6d ago on Sep 27, 2026· 40m 59s· 8 players
Game mode
Random Map
Map size
Large (8 player)
Population
200
Speed
Normal
Resources
Standard
Victory
Conquest
Starting age
Dark Age
Ending age
Imperial Age
RankedLock teamsTeams togetherTeam positionsShared explorationLock speedFull tech treeHidden civsTurbo modeCheats
Victory
Defeat
🇵🇹 Lithuanians · Portugal
1374
+15
🇩🇪 Varangians · Germany
1373
+15
🇩🇪 Britons · Germany
1373
+15
🇦🇷 Cumans · Argentina
1320
+18
🇲🇽 Saxons · Mexico
1459
-20
🇲🇽 Bohemians · Mexico
1368
-16
🇲🇽 Romans · Mexico
1307
-14
🇭🇳 Persians · Honduras
1296
-13
Charro
10:01 Feudal Age
11:24 Loom
14:17 Castle Age
14:11 Double-Bit Axe
15:17 Bow Saw
19:16 Wheelbarrow
25:14 Imperial Age
23:45 Scale Mail Armor
25:07 Chemistry
25:05 Chain Mail Armor
26:03 Forging
25:32 Pikeman
27:14 Two-Man Saw
27:08 Horse Collar
28:35 Plate Mail Armor
28:43 Fletching
28:54 Padded Archer Armor
30:51 Hand Cart
31:38 Bodkin Arrow
31:59 Leather Archer Armor
33:18 Bracer
34:32 Elite Skirmisher
SSVictorin
9:49 Feudal Age
13:52 Castle Age
12:13 Double-Bit Axe
13:23 Loom
14:11 Scale Mail Armor
14:49 Squires
20:12 Chain Mail Armor
23:16 Arson
24:07 Forging
Francisco Morazán
6:52 Loom
10:27 Feudal Age
14:03 Castle Age
16:17 Wheelbarrow
15:34 Double-Bit Axe
15:31 Horse Collar
19:30 Bow Saw
22:31 Heavy Plow
28:26 Imperial Age
27:15 Scale Barding Armor
27:20 Forging
27:10 Gold Mining
27:15 Stone Mining
28:48 Chain Barding Armor
28:08 Cavalier
29:13 Bloodlines
29:05 Husbandry
30:13 Iron Casting
32:37 Gold Shaft Mining
32:47 Plate Barding Armor
32:13 Scale Mail Armor
33:14 Blast Furnace
35:12 Hand Cart
35:50 Savar
39:53 Elite Skirmisher
[GDL] R_Oak
10:46 Feudal Age
14:18 Castle Age
12:46 Double-Bit Axe
12:42 Horse Collar
15:26 Bow Saw
18:46 Heavy Plow
20:53 Gold Mining
21:19 Loom
22:19 Scale Mail Armor
22:13 Stone Mining
22:01 Man-at-Arms
22:49 Long Swordsman
25:21 Chain Mail Armor
27:23 Wheelbarrow
27:02 Squires
31:49 Imperial Age
29:54 Forging
30:42 Hand Cart
31:13 Gold Shaft Mining
30:17 Pikeman
31:47 Fletching
32:14 Ballistas
31:53 Heavy Scorpion
32:05 Halberdier
33:21 Conscription
33:10 Siege Engineers
36:40 Legionary
38:52 Chemistry
39:15 Comitatenses
Combi | Papin
9:39 Feudal Age
13:41 Castle Age
11:57 Double-Bit Axe
14:42 Bow Saw
20:13 Horse Collar
22:02 Wheelbarrow
22:15 Heavy Plow
22:51 Stone Mining
24:31 Fervor
25:10 Hand Cart
24:43 Loom
26:00 Gold Mining
29:25 Imperial Age
27:35 Scale Barding Armor
27:36 Town Watch
28:45 Forging
29:41 Chain Barding Armor
29:59 Redemption
30:46 Iron Casting
29:42 Elite Leitis
31:12 Bloodlines
31:54 Conscription
33:02 Plate Barding Armor
33:38 Chemistry
33:24 Crop Rotation
34:44 Block Printing
34:57 Capped Ram
40:11 Husbandry
41:29 Hill Forts
41:29 Tower Shields
41:31 Scale Mail Armor
41:31 Padded Archer Armor
41:58 Illumination
41:29 Herbal Medicine
hiasele2
10:08 Feudal Age
14:05 Castle Age
11:56 Double-Bit Axe
12:18 Horse Collar
17:36 Bow Saw
20:34 Gold Mining
21:49 Wheelbarrow
21:07 Loom
21:59 Stone Mining
26:08 Imperial Age
23:30 Crossbowman
25:04 Fletching
25:43 Ballistics
25:43 Bodkin Arrow
26:50 Bracer
27:55 Arbalester
30:35 Conscription
30:40 Yeomen
30:42 Conscription
30:56 Padded Archer Armor
32:01 Chemistry
31:22 Hand Cart
31:16 Town Watch
31:50 Masonry
32:19 Leather Archer Armor
34:56 Warwolf
36:14 Siege Engineers
36:40 Architecture
38:22 Elite Longbowman
39:40 Hoardings
40:59 Ring Archer Armor
MATE
8:38 Feudal Age
9:50 Double-Bit Axe
11:22 Horse Collar
16:42 Wheelbarrow
20:30 Castle Age
19:31 Forging
20:21 Scale Mail Armor
20:35 Man-at-Arms
21:51 Fletching
23:15 Long Swordsman
24:37 Loom
26:25 Chain Mail Armor
28:02 Iron Casting
28:14 Squires
27:59 Arson
29:17 Hand Cart
28:48 Capped Ram
30:16 Pikeman
36:13 Bow Saw
36:51 Heavy Plow
41:34 Imperial Age
39:34 Town Watch
41:12 Gold Mining
41:13 Stone Mining
phteven
10:44 Feudal Age
14:32 Castle Age
12:39 Double-Bit Axe
13:41 Horse Collar
15:42 Bow Saw
16:07 Heavy Plow
20:36 Wheelbarrow
21:25 Stone Mining
22:00 Gold Mining
24:27 Hand Cart
24:40 Scale Barding Armor
25:09 Forging
28:53 Imperial Age
26:10 Loom
27:50 Chain Barding Armor
28:06 Iron Casting
28:45 Bloodlines
28:36 Husbandry
30:00 Conscription
32:32 Plate Barding Armor
32:58 Blast Furnace
31:48 Elite Jarl
Connection lost

Rejoining the realm…

Still unreachable

The connection could not be restored.

Session expired

The server has moved on; the page needs a fresh start.